 Dungeon Crawl Stone Soup version 0.29.1-14-g9c671dbff4 (webtiles) character file.

Game seed: 8282823005435987307

3510 Peloso the Carver (level 9, -2/81 HPs)
             Began as a Minotaur Fighter on Feb 14, 2023.
             Was a Follower of Okawaru.
             Slain by a yak (12 damage)
             ... on level 10 of the Dungeon.
             The game lasted 00:15:00 (8310 turns).

Peloso the Carver (Minotaur Fighter)                Turns: 8310, Time: 00:15:01

Health: -2/81      AC: 13    Str: 24    XL:     9   Next: 81%
Magic:  7/8        EV:  9    Int:  5    God:    Okawaru [*.....]
Gold:   356        SH:  5    Dex: 11    Spells: 8/8 levels left

rFire   . . .      SeeInvis .   a - +0 long sword
rCold   . . .      Faith    .   d - +0 buckler
rNeg    . . .      Spirit   .   B - +0 chain mail
rPois   .          Reflect  .   e - +2 hat
rElec   .          Harm     .   (no cloak)
rCorr   +          Rampage  .   (no gloves)
Will    .....                   (no boots)
Stlth   ..........              (no amulet)
HPRegen 0.23/turn               o - ring of resist corrosion
MPRegen 0.11/turn               (no ring)

@: mighty
A: horns 2, retaliatory headbutt
a: Renounce Religion, Heroism


You were on level 10 of the Dungeon.
You worshipped Okawaru.
Okawaru was aware of your devotion.
You visited 2 branches of the dungeon, and saw 11 of its levels.
You also visited: Sewer.

You collected 356 gold pieces.

Inventory:

Hand Weapons
 a - a +0 long sword (weapon)
Armour
 b - a +0 scale mail
 c - a +0 hat
 d - a +0 buckler (worn)
 e - a +2 hat (worn)
 B - a +0 chain mail (worn)
Jewellery
 n - a +6 ring of intelligence
 o - a ring of resist corrosion (left hand)
 D - an amulet of magic regeneration
Wands
 x - a wand of flame (28)
Scrolls
 h - 4 scrolls of silence
 j - 2 scrolls of magic mapping {unknown}
 l - a scroll of brand weapon {unknown}
 m - 2 scrolls of teleportation
 r - a scroll of enchant weapon {unknown}
 t - 2 scrolls of blinking
 w - a scroll of enchant armour {unknown}
 y - a scroll of vulnerability {unknown}
 A - 2 scrolls of identify
 C - 2 scrolls of butterflies {unknown}
Potions
 f - 2 potions of cancellation
 g - a potion of resistance
 k - 4 potions of flight
 p - a potion of heal wounds
 q - 3 potions of curing
 s - 3 potions of brilliance
 v - a potion of ambrosia {unknown}
 z - a potion of lignification {unknown}


   Skills:
 + Level 7.8 Fighting
 + Level 10.3 Long Blades
 + Level 10.2 Armour
 + Level 4.5 Dodging
 + Level 1.2 Stealth
 + Level 5.1 Shields


You had 8 spell levels left.
You didn't know any spells.
Your spell library contained the following spells:

 Spells                   Type           Power      Damage    Failure   Level
 Poisonous Vapours        Pois/Air       0%         N/A       99%         2
 Dazzling Flash           Conj/Hex       0%         N/A       100%        3
 Anguish                  Hex/Necr       0%         N/A       100%        4
 Corpse Rot               Necr/Pois/Air  0%         N/A       100%        4
 Iskenderun's Mystic Bla  Conj/Tloc      0%         2d3       100%        4
 Agony                    Necr           0%         N/A       100%        5
 Silence                  Hex/Air        0%         N/A       100%        5
 Starburst                Conj/Fire      0%         6d3       100%        6
 Enfeeble                 Hex            0%         N/A       100%        7
 Animate Dead             Necr           Unusable   N/A       N/A         4
 Haunt                    Necr/Summ      Unusable   N/A       N/A         7
 Infestation              Necr           Unusable   N/A       N/A         8

Dungeon Overview and Level Annotations

Branches:
Dungeon (11/15)            Temple (1/1) D:6           Sewer (visited)
   Lair: D:8-11         Orc: D:9-12

Altars:
Ashenzari
Cheibriados
Dithmenos
Fedhas
Gozag
Hepliaklqana
Makhleb
Nemelex Xobeh
Okawaru
Qazlal
Ru
Sif Muna
Trog
Uskayaw
Vehumet
Wu Jian
Xom
Yredelemnul
Zin
The Shining One

Shops:
D:5 (


Innate Abilities, Weirdness & Mutations

You have a pair of horns on your head.
You reflexively headbutt those who attack you in melee.


Message History

The vampire mosquito is almost destroyed.
The vampire mosquito bites you but does no damage.
You closely miss the vampire mosquito. You headbutt the vampire mosquito.
You destroy the vampire mosquito!
Okawaru accepts your kill.
Your base Shields skill increases to level 5!
You slash the yak!
The yak is moderately wounded.
The yak closely misses you. You furiously retaliate!
You headbutt the yak!! You hit the yak.
The yak is almost dead.
You closely miss the yak.
The yak is almost dead.
You block the yak's attack.
You slash the yak!
You kill the yak!
Okawaru accepts your kill.
Your base Armour skill increases to level 10!
The yak gores you but does no damage.
You see here a vampire mosquito corpse.
You hit the yak. You headbutt the yak!
The yak is heavily wounded.
You block the yak's attack.
You barely miss the yak.
The yak is heavily wounded.
You slash the yak!
The yak is severely wounded.
You feel like a meek peon again. The yak gores you!
* * * LOW HITPOINT WARNING * * *
You barely miss the yak. You headbutt the yak.
The yak is almost dead.
You block the yak's attack.
You slash the yak!
You kill the yak!
Okawaru accepts your kill.
You slash the yak! Your headbutt misses the yak.
The yak is moderately wounded.
The yak gores you!
You die...

###### #..... #.##.#
#.##.. #.##.. #######..#..
####........#..
##########...........#..
#....YY@.............###
.......Y####.###.##.......
........# #............+#
........# ##.####.####...
..!.....# #.# .... ...
........# .# ...... ...
......... .#.......#.##
......... ....._ ...


You could see 3 yaks.

Vanquished Creatures
  Maggie (D:6)
  A wyvern (D:7)
  A wraith (D:11)
  2 yaks (D:10)
  A steam dragon (D:6)
  Menkaure (D:6)
  3 vampire mosquitoes (D:10)
  2 black bears (D:5)
  A sky beast (D:5)
  An ogre (D:5)
  An ice beast (D:5)
  A centaur (D:7)
  A phantom (D:5)
  3 kobold brigands
  A bullfrog (D:8)
  A necrophage (D:4)
  4 killer bees
  A jelly (D:5)
  Crazy Yiuf (D:6)
  6 orc priests
  5 iguanas
  10 orc wizards
  Robin (D:2)
  5 gnolls
  13 adders
  2 river rats
  2 white imps (D:5)
  An ufetubus (D:5)
  4 worms
  A dart slug (D:1)
  28 orcs
  12 ball pythons
  9 bats
  6 endoplasms
  3 giant cockroaches
  13 goblins
  10 hobgoblins
  4 jackals
  5 quokkas
  3 frilled lizards
  6 kobolds
  14 rats
191 creatures vanquished.

Vanquished Creatures (others)
  An orc wizard (D:3)
1 creature vanquished.

Grand Total: 192 creatures vanquished

Notes
Turn   | Place    | Note
-------+----------+-------------------------------------------
     0 | D:1      | Peloso the Minotaur Fighter began the quest for the Orb.
     0 | D:1      | Reached XP level 1. HP: 19/19 MP: 0/0
    48 | D:1      | Found a faded altar of an unknown god.
   136 | D:1      | Reached XP level 2. HP: 15/27 MP: 1/1
   772 | D:1      | Reached XP level 3. HP: 18/33 MP: 2/2
  1191 | D:2      | Reached XP level 4. HP: 8/40 MP: 3/3
  1643 | D:2      | Reached skill level 5 in Armour
  1655 | D:2      | Noticed Robin
  1661 | D:2      | Killed Robin
  1662 | D:2      | Reached skill level 1 in Dodging
  2056 | D:3      | Reached XP level 5. HP: 45/47 MP: 4/4
  2078 | D:3      | Found a glowing drain.
  2086 | Sewer    | Entered a sewer
  2210 | Sewer    | Reached XP level 6. HP: 6/55 MP: 5/5
  2544 | Sewer    | Found a white marble altar of Elyvilon.
  2656 | D:3      | Found a hide-covered altar of Uskayaw.
  2671 | D:3      | Reached skill level 5 in Fighting
  3107 | D:3      | Reached skill level 5 in Long Blades
  3887 | D:4      | Found a glowing golden altar of the Shining One.
  4112 | D:4      | Reached XP level 7. HP: 52/61 MP: 6/6
  4255 | D:5      | Entered Level 5 of the Dungeon
  4644 | D:5      | Found a broken altar of Ashenzari.
  4907 | D:5      | Found Upiemopa's Weapon Emporium.
  5158 | D:5      | Found a burning altar of Makhleb.
  5268 | D:6      | Noticed a steam dragon
  5476 | D:6      | Noticed Maggie
  5488 | D:5      | Reached XP level 8. HP: 25/70 MP: 7/7
  6103 | D:6      | Found an opulent altar of Gozag.
  6189 | D:6      | Found a staircase to the Ecumenical Temple.
  6200 | Temple   | Entered the Ecumenical Temple
  6490 | D:6      | Killed Maggie
  6566 | D:6      | Noticed Menkaure
  6575 | D:6      | Killed Menkaure
  6881 | D:6      | Found a runed translucent door.
  6882 | D:6      | Noticed Crazy Yiuf
  6918 | D:6      | Found a radiant altar of Vehumet.
  7014 | D:6      | Found a sacrificial altar of Ru.
  7014 | D:6      | Found a stormy altar of Qazlal.
  7155 | D:6      | Killed Crazy Yiuf
  7156 | D:6      | Reached XP level 9. HP: 77/79 MP: 8/8
  7197 | D:6      | Reached skill level 1 in Stealth
  7385 | D:7      | Found an iron altar of Okawaru.
  7409 | D:7      | Became a worshipper of Warmaster Okawaru
  8137 | D:8      | You fall into a shaft and drop 3 floors!
  8223 | D:10     | Entered Level 10 of the Dungeon
  8263 | D:10     | Found a snail-covered altar of Cheibriados.
  8283 | D:10     | Reached * piety under Okawaru
  8296 | D:10     | Reached skill level 10 in Long Blades
  8300 | D:10     | Reached skill level 5 in Shields
  8304 | D:10     | Reached skill level 10 in Armour
  8310 | D:10     | Slain by a yak

Illustrated notes

Levels and vault maps discovered:
D:1:      heliophobic_arrival_dark_side_of_the_moon, layout_basic,
          hellmonk_ecumenical_altar_crossroads, minmay_misc_feat_tower,
          eino_curves_03
D:2:      layout_rooms, uniq_robin
D:3:      layout_basic, mainiacjoe_overflow_24_doors, portal_sewer_entry_e
D:4:      layout_gridville, nicolae_tso_swordbearing_angel, minivault_14
D:5:      layout_loops_ring, kennysheep_little_box,
          ashenzari_conservatory_becter, serial_shops, nicolae_shop_crystal,
          glass_columns_b, feat_on_display
D:6:      layout_cave_pools, vehumet_altar_wand_db, nicolae_gozag_seed_capital,
          gammafunk_temple_overflow_wave, minmay_temple_entry_proselytizer,
          uniq_maggie, uniq_crazy_yiuf_cottage, uniq_menkaure
D:7:      layout_gridville, okawaru_gym_becter, kennysheep_cross_bottleneck,
          minivault_27
D:8:      layout_layer_cave, lemuel_crystal_altar, nrook_campfire
D:10:     layout_irregular_city, old_standard_altar, serial_shops,
          nicolae_shop_crystal, minmay_crystal_room, uniq_fannar
D:11:     layout_roguey, uniq_erolcha, uniq_harold
Temple:   dpeg_chambers_temple

Skill      XL: |  1  2  3  4  5  6  7  8  9 |
---------------+----------------------------+-----
Armour         | 4 5 6 7 8 10 | 10.2
Fighting       | 4 5 6 7 |  7.8
Long Blades    | 3 4 5 7 8 10 | 10.3
Dodging        | 1 2 3 4 |  4.5
Shields        | 4 5 |  5.1
Stealth        | 1 |  1.2

Action                   |  1- 3 |  4- 6 |  7- 9 || total
-------------------------+-------+-------+-------++-------
Melee: Long sword        |    74 |   190 |   300 ||   564
       Headbutt          |     6 |    27 |    58 ||    91
       Punch             |       |     2 |       ||     2
Invok: Heroism           |       |       |     1 ||     1
  Use: Scroll            |     3 |     4 |     3 ||    10
       Potion            |       |       |     3 ||     3
Armor: Scale mail        |    72 |   109 |   123 ||   304
       Chain mail        |       |       |    66 ||    66
Dodge: Dodged            |    65 |   137 |   144 ||   346
Block: Buckler           |     2 |       |    49 ||    51
